 Seeded DCSS version 0.29-a0-409-gd843f3a48c (webtiles) character file.

Game seed: 17930253926559947122 (custom seed)

34 zeratav the Digger (level 3, -3/21 HPs)
             Began as an Octopode Earth Elementalist on May 14, 2022.
             Was a Follower of Vehumet.
             Slain by a gnoll
             ... wielding a +0 spear
              (5 damage)
             ... on level 2 of the Dungeon.
             The game lasted 00:01:42 (1827 turns).

zeratav the Digger (Octopode Earth Elementalist)    Turns: 1827, Time: 00:01:42

Health: -3/21      AC:  1    Str:  7    XL:     3   Next: 31%
Magic:  3/6        EV: 13    Int: 19    God:    Vehumet [*.....]
Gold:   12         SH:  0    Dex: 12    Spells: 6/7 levels left

rFire   . . .      SeeInvis .   e - +0 short sword {short}
rCold   . . .      Faith    .   (no shield)
rNeg    . . .      Spirit   .   (helmet restricted)
rPois   .          Reflect  .   (no amulet)
rElec   .          Harm     .   (no ring)
rCorr   .          Rampage  .   (no ring)
Will    .....                   (no ring)
Stlth   +++.......              (no ring)
HPRegen 0.07/turn               (no ring)
MPRegen 0.10/turn               (no ring)
                                (no ring)
                                (no ring)

@: no status effects
A: almost no armour, amphibious, 8 rings, camouflage 1, gelatinous body 1,
(nimble swimmer 1), tentacles
a: Renounce Religion


You were on level 2 of the Dungeon.
You worshipped Vehumet.
Vehumet was aware of your devotion.
You visited 1 branch of the dungeon, and saw 2 of its levels.

You collected 12 gold pieces.


Innate Abilities, Weirdness & Mutations

You cannot wear most types of armour.
You are amphibious.
You can wear up to eight rings at the same time.
Your skin changes colour to match your surroundings (Stealth+).
Your rubbery body absorbs attacks. (AC +1, EV +1)
((You are camouflaged when in or above water. (Stealth+)))
You have tentacles for arms and can constrict up to eight enemies at once.


   Skills:
 - Level 2.0 Dodging
 - Level 2.6 Stealth
 + Level 2.5 Spellcasting
 - Level 1.0 Transmutations
 * Level 3.9 Earth Magic


You had 6 spell levels left.
You knew the following spells:

 Your Spells              Type           Power      Damage    Failure   Level
a - Sandblast             Erth           34%        2d9       3%          1

Your spell library contained the following spells:

 Spells                   Type           Power      Damage    Failure   Level
 Foxfire                  Conj/Fire      8%         2x1d4     16%         1
 Passwall                 Tmut/Erth      9%         N/A       9%          2
 Animate Skeleton         Necr           4%         N/A       16%         1
 Pain                     Necr           8%         1d4       16%         1
 Stone Arrow              Conj/Erth      18%        3d8       22%         3
 Vampiric Draining        Necr           2%         2d6       43%         3
 Petrify                  Tmut/Erth      11%        N/A       50%         4

Inventory:

Hand Weapons
 e - a +0 short sword (weapon) {short}
   (You took it off a kobold on level 1 of the Dungeon)
Missiles
 a - 118 stones {throwing}
Jewellery
 i - an amulet of the acrobat
   (You found it on level 1 of the Dungeon)
Scrolls
 d - a scroll of enchant weapon {unknown}
 h - a scroll of brand weapon {unknown}
 j - a scroll of noise {unknown}
 k - a scroll of enchant armour {unknown}
 m - a scroll of identify {unknown}
 n - a scroll of summoning {unknown}
Potions
 b - a potion of magic
 c - 2 potions of curing {unknown}
 f - a potion of berserk rage {unknown}
 g - 2 potions of brilliance {unknown}
 l - a potion of flight {unknown}

Dungeon Overview and Level Annotations

Branches:
Dungeon (2/15)

Altars:
Vehumet

Shops:
D:2

= .#...... <..#####
##.....## ........######
######........ ##
#.####### .. ######....#
.#
.....####.##########..####
.∩...# #.......@ggg......
.....# ###########g......
.....# #...g.. .....###
...... .......# .....
.....#....# ####.
.....####.# #.##....#...
#.###...... .


You could see 4 gnolls and a hobgoblin (wandering).


Message History

Vehumet accepts your kill.
No target in view!
No target in view!
No target in view!
No target in view!
No target in view!
No target in view!
No target in view!
No target in view!
No target in view!
No target in view!
No target in view!
No target in view!
Things that are here:
a +0 dagger {short}; a goblin corpse
Found a stone staircase leading up.
There is a stone staircase leading up here.
A worm comes into view.
A worm is nearby!
The helpless worm fails to defend itself.
You puncture the worm! You grab the worm. You constrict the worm.
You hit the worm. You squeeze the worm.
You kill the worm!
Vehumet accepts your kill.
No target in view!
No target in view!
No target in view!
No target in view!
No target in view!
No target in view!
No target in view!
No target in view!
You now have 12 gold pieces.
You see here a worm corpse.
A bat comes into view.
A bat is nearby!
A bat is nearby!
The bat completely misses you. The bat closely misses you.
You barely miss the bat. Your grab misses the bat.
You squeeze the bat, but do no damage. The bat closely misses you.
The bat hits you.
HP[-1]
You take 1 damage, and now have 20/21 hp.
You barely miss the bat. Your grab misses the bat. The bat barely misses you.
You hit the bat.
You kill the bat!
Vehumet accepts your kill.
No target in view!
No target in view!
No target in view!
No target in view!
No target in view!
No target in view!
No target in view!
No target in view!
No target in view!
n - a scroll labelled WIUK SOOTUI HP[+1]
Your hp is fully restored (21).
A gnoll comes into view. It is wielding a +0 spear.
A gnoll is nearby!
A gnoll is nearby!
A gnoll is nearby!
A gnoll comes into view. It is wielding a +0 flail.
The gnoll shouts!
You hear a shout!
A gnoll comes into view. It is wielding a +0 club.
The gnoll shouts!
A gnoll comes into view.
It is wielding a +2 whip of electrocution.
You hear a shout!
The blast of sand misses the gnoll.
MP[-1]
You lost 1 mp, and now have 5/6 mp.
The blast of sand hits the gnoll!
The gnoll closely misses you.
MP[-1]
You lost 1 mp, and now have 4/6 mp.
The blast of sand hits the gnoll but does no damage.
The gnoll barely misses you.
MP[-1]
You lost 1 mp, and now have 3/6 mp.
You closely miss the gnoll. You grab the gnoll.
You constrict the gnoll, but do no damage.
The gnoll hits you with a +0 flail! The gnoll barely misses you.
HP[-7]
You take 7 damage, and now have 14/21 hp.
MASSIVE DAMAGE!! (PAUSE)
You hit the gnoll.
You constrict the gnoll, but do no damage.
The gnoll hits you with a +0 flail!
* * * LOW HITPOINT WARNING * * *
The gnoll hits you from afar with a +0 spear.
* * * LOW HITPOINT WARNING * * *
HP[-13]
You take 13 damage, and now have 1/21 hp.
MASSIVE DAMAGE!! (PAUSE)
You hit the gnoll but do no damage. You constrict the gnoll.
A hobgoblin comes into view.
The gnoll hits you but does no damage.
The gnoll hits you from afar with a +0 spear.
You die...

Action                   || total
-------------------------++-------
Melee: Unarmed           ||     7
       Tentacles         ||    10
       Constrict         ||     9
       Short sword       ||    27
 Cast: Sandblast         ||    21
 Stab: Sleeping          ||     7
Armor: Skin              ||     1
Dodge: Dodged            ||    19

Levels and vault maps discovered:
D:1:      dpeg_arrival_yet_another_circle, layout_basic, serial_rivers,
          chequers_serial_rivers_small_b, chequers_serial_rivers_large_b,
          chequers_serial_rivers_micro_b, chequers_serial_rivers_room_b,
          chequers_serial_rivers_micro_c, chequers_serial_rivers_large_a,
          chequers_ecumenical_altar_lobes
D:2:      layout_rooms, serial_shops, shop

Notes
Turn   | Place    | Note
-------+----------+-------------------------------------------
     0 | D:1      | zeratav the Octopode Earth Elementalist began the quest for
                  | the Orb.
     0 | D:1      | Reached XP level 1. HP: 11/11 MP: 3/3
     0 | D:1      | magus.rc [v1.9.6]
   149 | D:1      | Reached XP level 2. HP: 17/17 MP: 1/5
   162 | D:1      | HP: 4/17 [kobold/+0 short sword (4)]
   634 | D:1      | Found a faded altar of an unknown god.
   651 | D:1      | Prayed at the altar of an unknown god.
   651 | D:1      | Became a worshipper of Vehumet
   651 | D:1      | Reached * piety under Vehumet
   651 | D:1      | Offered knowledge of Foxfire by Vehumet.
  1010 | D:1      | You pick up a book of Necromancy and begin reading...
  1010 | D:1      | You add the spells Pain, Animate Skeleton and Vampiric
                  | Draining to your library.
  1158 | D:1      | Reached XP level 3. HP: 15/21 MP: 4/6
  1642 | D:2      | Found Biewk's Jewellery Boutique.
  1826 | D:2      | HP: 1/21 [gnoll/+0 spear (5)]
  1827 | D:2      | Slain by a gnoll

Vanquished Creatures
  A worm (D:2)
  2 dart slugs (D:1)
  4 bats
  An endoplasm (D:1)
  A giant cockroach (D:1)
  3 goblins
  3 hobgoblins (D:1)
  6 kobolds
  2 frilled lizards (D:1)
  5 rats (D:1)
28 creatures vanquished.

Table legend:
 A = Non-vault XP
 B = Vault XP
 C = Vault XP percentage of total XP
 D = Non-vault monster count
 E = Vault monster count
 F = Vault count percentage of total count
                 A         B        C        D         E       F
            +---------+---------+-------+---------+---------+-------
      Total |      49 |       0 |   0.0 |      28 |       0 |   0.0
            +---------+---------+-------+---------+---------+-------
        D:1 |      39 |       0 |   0.0 |      23 |       0 |   0.0
        D:2 |      10 |       0 |   0.0 |       5 |       0 |   0.0
            +---------+---------+-------+---------+---------+-------

Illustrated notes

Table legend:
 A = Kills in this place as a percentage of kills in entire the game.
 B = Kills by you in this place as a percentage of kills by you in the entire game.
 C = Kills by friends in this place as a percentage of kills by friends in the entire game.
 D = Other kills in this place as a percentage of other kills in the entire game.
 E = Experience gained in this place as a percentage of experience gained in the entire game.
 F = Experience gained in this place divided by the number of levels of this place that you have seen.
                   A       B       C       D       E      F
               +-------+-------+-------+-------+-------+----------------------
         Total | 100.0 | 100.0 |   N/A |   N/A | 100.0 |  24.5
       Dungeon | 100.0 | 100.0 |   N/A |   N/A | 100.0 |  24.5
               +-------+-------+-------+-------+-------+----------------------

Table legend: (Time is in decaauts)
 A = Elapsed time spent in this place.
 B = Non-inter-level travel time spent in this place.
 C = Inter-level travel time spent in this place.
 D = Time resting spent in this place.
 E = Time spent auto-exploring this place.
 F = Levels seen in this place.
 G = Mean time per level.
                   A        B        C        D        E       F      G
               +--------+--------+--------+--------+--------+-----+--------+
         Total |   1828 |   1786 |     42 |    261 |   1322 |   2 |  914.0 |
       Dungeon |   1828 |   1786 |     42 |    261 |   1322 |   2 |  914.0 |
               +--------+--------+--------+--------+--------+-----+--------+

Top non-repeatable levels by time:
     D:1: 1581 daAuts
     D:2: 246 daAuts
